 Dungeon Crawl Stone Soup version 0.28-a0-1382-g92835e5c71 (webtiles) character file.

Game seed: 7155980144579051015

17 gimp the Grasshopper (level 2, 0/22 HPs)
             Began as a Demigod Wanderer on Jan 1, 2022.
             Slain by a quokka (5 damage)
             ... on level 1 of the Dungeon.
             The game lasted 00:01:41 (1136 turns).

gimp the Grasshopper (Demigod Wanderer)             Turns: 1136, Time: 00:01:42

Health: 0/22       AC:  2    Str: 11    XL:     2   Next: 30%
Magic:  7/7        EV: 11    Int: 16    God:
Gold:   64         SH:  4    Dex: 13    Spells: 3/4 levels left

rFire   . . .      SeeInvis .   a - +0 dagger
rCold   . . .      Faith    .   c - +0 buckler
rNeg    . . .      Spirit   .   e - +0 robe
rPois   .          Reflect  .   (no helmet)
rElec   .          Harm     .   (no cloak)
rCorr   .          Rampage  .   (no gloves)
Will    .....                   (no boots)
Stlth   ++........              (no amulet)
HPRegen 0.07/turn               (no ring)
MPRegen 0.10/turn               (no ring)

@: no status effects
A: high mp 1, forlorn, divine attributes
a: no special abilities


You were on level 1 of the Dungeon.
You visited 1 branch of the dungeon, and saw 1 of its levels.

You collected 64 gold pieces.

Inventory:

Hand Weapons
 a - a +0 dagger (weapon)
Armour
 c - a +0 buckler (worn)
 e - a +0 robe (worn)
Magical Staves
 b - a staff of fire
Scrolls
 d - a scroll of noise {unknown}
 f - a scroll of identify {unknown}


   Skills:
 + Level 0.9 Fighting
 - Level 1.7 Stealth
 * Level 2.5 Shields
 - Level 1.7 Spellcasting
 - Level 1.0 Necromancy
 - Level 2.6 Translocations


You had 3 spell levels left.
You knew the following spells:

 Your Spells              Type           Power      Damage    Failure   Level
a - Apportation           Tloc           20%        N/A       9%          1

Your spell library contained the following spells:

 Spells                   Type           Power      Damage    Failure   Level
 Sublimation of Blood     Necr           4%         N/A       26%         2
 Corpse Rot               Necr/Air       6%         N/A       30%         2
 Portal Projectile        Hex/Tloc       10%        N/A       41%         3
 Frozen Ramparts          Ice            2%         1d2       58%         3
 Iskenderun's Mystic Bla  Conj/Tloc      5%         2d3       82%         4
 Ice Form                 Ice/Tmut       1%         N/A       94%         4
 Summon Ice Beast         Ice/Summ       1%         N/A       94%         4


Dungeon Overview and Level Annotations

Branches:
Dungeon (1/15)


Innate Abilities, Weirdness & Mutations

You have an increased reservoir of magic. (+10% MP)
You shall have no god before yourself.
Your divine heritage dramatically boosts your attributes as you level up.


Message History

The ball python bites you but does no damage.
The ball python constricts you. The quokka bites you.
You take 4 damage, and have 18/22 hp.
You barely miss the ball python.
The ball python is severely wounded.
You block the ball python's attack. The ball python constricts you.
You block the quokka's attack.
You closely miss the ball python.
The ball python is severely wounded.
The ball python bites you. The ball python constricts you.
The quokka barely misses you. The ball python bites you.
The ball python constricts you.
You take 8 damage, and have 10/22 hp.
MASSIVE DAMAGE!!
You escape the ball python's grasp.
You are too injured to fight recklessly!
You are too injured to fight recklessly!
You are too injured to fight recklessly!
You barely miss the quokka.
The quokka bites you but does no damage.
You block the quokka's attack.
You hit the quokka but do no damage. The quokka closely misses you.
You closely miss the quokka.
The quokka bites you but does no damage.
You hit the quokka but do no damage.
The quokka bites you but does no damage.
You barely miss the quokka. The quokka misses you.
You barely miss the quokka. The quokka bites you. The quokka barely misses you.
You take 3 damage, and have 8/22 hp.
You closely miss the quokka. The quokka closely misses you.
You hit the quokka.
The quokka is moderately wounded.
The quokka misses you.
You miss the quokka.
The quokka is moderately wounded.
The quokka closely misses you. The quokka misses you.
You barely miss the quokka. The quokka bites you.
* * * LOW HITPOINT WARNING * * *
You take 3 damage, and have 5/22 hp.
You hit the quokka but do no damage. The quokka bites you.
You die...

########## ##### #........# ....
#........#####. #..
#....?S.....##. #.. #r# # #.#
#.. #@# #. #.# #.. #.# #. #.#
#..
###############.####.##.######..
#.........................÷.....
#.###################≈.#..≈#≈##.
#.##################.♣..≈≈≈.≈♣..
#>..................≈≈....≈.....
#######.#...####....≈.≈♣≈♣....##
#.#...# #...†≈≈≈≈♣#≈..≈.#


You could see a quokka and a ball python.

Vanquished Creatures
  A dart slug (D:1)
  An endoplasm (D:1)
  A goblin (D:1)
  2 hobgoblins (D:1)
  4 quokkas (D:1)
  2 bats (D:1)
  A frilled lizard (D:1)
  A rat (D:1)
13 creatures vanquished.

Notes
Turn   | Place    | Note
-------+----------+-------------------------------------------
     0 | D:1      | gimp the Demigod Wanderer began the quest for the Orb.
     0 | D:1      | gimp set off with the following items: a +0 dagger, a +0
                  | robe, a +0 buckler; and the following spell memorised:
                  | Apportation; and the following spells available to
                  | memorise: Sublimation of Blood, Corpse Rot, Portal
                  | Projectile, Iskenderun's Mystic Blast
     0 | D:1      | Reached XP level 1. HP: 14/14 MP: 5/5
   763 | D:1      | Reached XP level 2. HP: 21/22 MP: 7/7
   780 | D:1      | Noticed a Tzitzimitl
  1136 | D:1      | Slain by a quokka

Illustrated notes

Levels and vault maps discovered:
D:1:      dpeg_arrival_court, layout_basic,
          dreamdust_ecumenical_altar_sealed_demon, minmay_door_square,
          chequers_serial_rivers_marsh, minmay_hedge_maze

Skill      XL: |  1 |
---------------+----+-----
Shields        | 2 |  2.5
Fighting       | |  0.9
Stealth        | |  1.7
Spellcasting   | |  1.7
Necromancy     | |  1.0
Translocations | |  2.6

Action                   || total
-------------------------++-------
Melee: Dagger            ||    90
 Stab: Sleeping          ||     2
Armor: Robe              ||    20
Dodge: Dodged            ||    49
Block: Buckler           ||    24

Table legend: (Time is in decaauts)
 A = Elapsed time spent in this place.
 B = Non-inter-level travel time spent in this place.
 C = Inter-level travel time spent in this place.
 D = Time resting spent in this place.
 E = Time spent auto-exploring this place.
 F = Levels seen in this place.
 G = Mean time per level.
                   A        B        C        D        E       F      G
               +--------+--------+--------+--------+--------+-----+--------+
         Total |   1141 |   1141 |      0 |     11 |    888 |   1 | 1141.0 |
       Dungeon |   1141 |   1141 |      0 |     11 |    888 |   1 | 1141.0 |
               +--------+--------+--------+--------+--------+-----+--------+

Top non-repeatable levels by time:
     D:1: 1141 daAuts
